 Dungeon Crawl Stone Soup version 0.32-a0-640-gc5db3fc80f (webtiles) character file.

Game seed: 18267661138314220197

2 Ge0ff the Cudgeller (level 1, 0/17 HPs)
             Began as a Mountain Dwarf Warper on Mar 7, 2024.
             Slain by a goblin
             ... wielding a +0 club
              (4 damage)
             ... on level 1 of the Dungeon.
             The game lasted 00:00:29 (82 turns).

Ge0ff the Cudgeller (Mountain Dwarf Warper)           Turns: 82, Time: 00:00:30

Health: 0/17       AC:  3    Str: 13    XL:     1   Next: 33%
Magic:  3/3        EV: 11    Int: 13    God:
Gold:   3          SH:  0    Dex:  9    Spells: 3/3 levels left

rFire   . . .        a - +0 mace
rCold   . . .        (no shield)
rNeg    . . .        b - +0 leather armour
rPois   .            (no helmet)
rElec   .            (no cloak)
rCorr   .            (no gloves)
SInv    .            (no boots)
Will    .....        (no amulet)
Stlth   +            (no ring)
HPRegen 0.22/turn    (no ring)
MPRegen 0.08/turn

%: no passive effects
@: no status effects
A: runic magic, artefact enchanting
a: no special abilities


You were on level 1 of the Dungeon.
You visited 1 branch of the dungeon, and saw 1 of its levels.

You collected 3 gold pieces.

Inventory:

Hand Weapons
 a - a +0 mace (weapon)
Missiles
 d - 7 darts of dispersal (quivered)
 C - 8 stones
Armour
 b - a +0 leather armour (worn)
Scrolls
 B - a scroll of blinking
 E - a scroll of identify {unknown}
Potions
 D - a potion of invisibility {unknown}
 F - a potion of curing {unknown}


   Skills:
 + Level 2.2 Fighting
 * Level 2.6 Maces & Flails
 - Level 0.7 Throwing
 - Level 1.1 Armour
 - Level 1.3 Dodging
 + Level 0.1 Stealth
 - Level 1.7 Spellcasting
 - Level 2.4 Translocations


You had 3 spell levels left.
You didn't know any spells.
Your spell library contained the following spells:

 Spells                   Type           Power      Damage    Failure   Level
 Blink                    Tloc           14%        N/A       16%         2
 Lesser Beckoning         Tloc           14%        N/A       16%         2
 Teleport Other           Tloc           7%         N/A       30%         3
 Manifold Assault         Tloc           7%         N/A       69%         4
 Vhi's Electric Charge    Tloc/Air       8%         N/A       86%         4


Dungeon Overview and Level Annotations

Branches:
Dungeon (1/15) Zot: 5912

Altars:


Innate Abilities, Weirdness & Mutations

Your spellcasting is much less encumbered by armour.
You can use scrolls of enchantment on lesser artefacts.


Message History

The quokka barely misses you.
You hit the quokka.
The quokka is almost dead.
The quokka bites you but does no damage.
The jackal barks!
You hit the quokka.
You kill the quokka!
The jackal closely misses you.
You hit the jackal.
The jackal is almost dead.
The jackal bites you. The jackal closely misses you.
You hit the jackal.
You kill the jackal!
The goblin hits you with a +0 club.
You closely miss the goblin. The goblin hits you but does no damage.
You barely miss the goblin. The goblin barely misses you.
You closely miss the goblin. The goblin hits you with a +0 club.
You are too injured to fight recklessly!
You are too injured to fight recklessly!
You are too injured to fight recklessly!
You are too injured to fight recklessly!
You are too injured to fight recklessly!
You are too injured to fight recklessly!
You are too injured to fight recklessly!
You are too injured to fight recklessly!
You are too injured to fight recklessly!
You are too injured to fight recklessly!
You closely miss the goblin. The goblin hits you but does no damage.
The goblin hits you with a +0 club.
You hit the goblin.
The goblin is severely wounded.
The goblin closely misses you.
You hit the goblin but do no damage.
The goblin is severely wounded.
The goblin closely misses you.
You hit the goblin but do no damage.
The goblin is severely wounded.
The goblin hits you with a +0 club.
* * * LOW HITPOINT WARNING * * *
You closely miss the goblin.
The goblin is severely wounded.
The goblin barely misses you. The goblin hits you with a +0 club.
* * * LOW HITPOINT WARNING * * *
You barely miss the goblin.
The goblin is heavily wounded.
The goblin closely misses you.
You hit the goblin.
The goblin is severely wounded.
The goblin hits you with a +0 club.
You die...

##...............
#................
#........⌠.......
#.......⌠>⌠......
#........⌠.......
##...............
##.............#
####.......###
####@#### #####g#
#...hr# #....##
.. #....# ...#
#....#
.....#....#
#......###+##
##...........


You could see a jackal, a goblin and a rat.

Vanquished Creatures
  A jackal (D:1)
  A quokka (D:1)
2 creatures vanquished.

Notes
Turn   | Place    | Note
-------+----------+-------------------------------------------
     0 | D:1      | Ge0ff the Mountain Dwarf Warper began the quest for the
                  | Orb.
     0 | D:1      | Reached XP level 1. HP: 17/17 MP: 3/3
    82 | D:1      | Slain by a goblin

Illustrated notes

Levels and vault maps discovered:
D:1:      dpeg_arrival_three_bigger_balls, layout_basic, nrook_mini_backslash

Action                     || total
---------------------------++-------
  Melee: Mace              ||    16
 Armour: Leather armour    ||    11
  Dodge: Dodged            ||     9

Table legend: (Time is in decaauts)
 A = Elapsed time spent in this place.
 B = Non-inter-level travel time spent in this place.
 C = Inter-level travel time spent in this place.
 D = Time resting spent in this place.
 E = Time spent auto-exploring this place.
 F = Levels seen in this place.
 G = Mean time per level.
                   A        B        C        D        E       F      G
               +--------+--------+--------+--------+--------+-----+--------+
         Total |     86 |     86 |      0 |      0 |     41 |   1 |   86.0 |
       Dungeon |     86 |     86 |      0 |      0 |     41 |   1 |   86.0 |
               +--------+--------+--------+--------+--------+-----+--------+

Top non-repeatable levels by time:
     D:1: 86 daAuts
